Map: Orbital Shipyard

Players

Dansible - Winner!

  • Race: Terran Terran
  • League: Diamond

Imalayan

  • Race: Zerg Zerg
  • League: Gold

Event: Lycan League Weekly August #1

VOD

Have the link to the VOD?

Description

Time

  • Played on: Aug. 3, 2015, 12:18 p.m.
  • Length: 10:58
Show
View Real Time Build Order
Export as new Build Order

Dansible Terran - Winner!

Build Orders: Reaper Expand, Hellion Banshee, Mech 

Get SALT Encoding   

  12  0:01  SCV  
  13  0:13  SCV  
  14  0:17  Supply Depot  
  14  0:25  SCV  
  15  0:39  SCV  
  15  0:42  Barracks  
  16  0:45  Refinery  
  16  0:51  SCV  
  17  1:03  SCV  
  18  1:15  SCV  
  19  1:28  Orbital Command  
  19  1:29  Reaper  
  20  1:38  Command Center  
  20  1:48  Supply Depot  
  21  1:54  SCV  
  21  2:01  Barracks Reactor  
  21  2:06  SCV  
  22  2:18  SCV  
  23  2:23  Factory  
  23  2:30  SCV  
  24  2:40  Marine x2  
  24  2:42  SCV  
  27  2:50  Orbital Command  
  27  2:53  Supply Depot  
  27  2:54  SCV  
  27  2:57  Refinery  
  28  3:06  SCV  
  28  3:08  Starport  
  29  3:15  Hellion x2  
  29  3:19  SCV x2  
  35  3:22  Barracks Tech Lab  
  35  3:31  SCV x2  
  37  3:36  Hellion x2  
  41  3:43  SCV x2  
  43  3:53  Banshee, Cloaking Field  
  43  3:55  SCV x2, Supply Depot x2  
  48  3:57  Hellion x2  
  52  4:07  SCV x2, Refinery x2  
  54  4:17  Armory  
  54  4:19  SCV x2  
  54  4:21  Supply Depot, Hellion  
  58  4:31  SCV x2  
  58  4:39  Viking  
  58  4:43  SCV x2  
  59  4:48  Supply Depot  
  59  4:50  Factory  
  55  4:54  Factory  
  55  4:55  SCV  
  55  4:56  SCV  
  55  4:58  Engineering Bay  
  57  5:04  Terran Vehicle Weapons Level 1  
  57  5:07  SCV  
  57  5:08  SCV, Barracks Tech Lab  
  59  5:18  Starport Reactor  
  59  5:20  SCV x2, Supply Depot  
  61  5:24  Missile Turret  
  61  5:25  Missile Turret  
  61  5:32  SCV x2  
  63  5:37  Command Center  
  63  5:44  SCV x2  
  65  5:53  Thor x2  
  65  5:56  SCV x2  
  79  6:07  Hellbat x2  
  79  6:08  SCV x2  
  79  6:09  Supply Depot  
  85  6:13  Supply Depot  
  85  6:15  Viking x2  
  89  6:20  SCV x2  
  89  6:21  Supply Depot  
  91  6:28  Hellbat  
  91  6:31  Hellbat  
  95  6:37  Thor  
  101  6:41  Refinery  
  101  6:45  SCV x2, Refinery  
  103  6:47  Missile Turret  
  103  6:54  Supply Depot  
  103  6:58  Supply Depot  
  103  7:00  Thor, Hellbat  
  103  7:01  Hellbat  
  113  7:02  Viking  
  113  7:06  SCV  
  116  7:10  Terran Vehicle Weapons Level 2  
  116  7:16  Armory  
  116  7:17  Supply Depot  
  116  7:20  Supply Depot  
  119  7:22  Siege Tank  
  119  7:23  Hellbat  
  119  7:27  Orbital Command  
  119  7:28  SCV  
  119  7:29  SCV  
  123  7:35  Viking  
  125  7:39  Viking  
  125  7:42  SCV x2  
  125  7:43  Siege Tank  
  132  7:47  Supply Depot  
  132  7:48  Supply Depot  
  132  7:53  SCV, Sensor Tower  
  132  7:54  SCV x2  
  135  8:03  Hellion x2, Siege Tank  
  135  8:05  Viking  
  144  8:09  Viking  
  146  8:15  Siege Tank  
  146  8:17  Missile Turret  
  149  8:24  Hellbat x2  
  149  8:26  Terran Vehicle And Ship Armor Level 1, Factory x2  
  153  8:31  Command Center  
  153  8:35  Hellion  
  153  8:36  Hellion  
  153  8:38  Siege Tank  
  156  8:45  Hellbat x2  
  160  8:48  Siege Tank  
  160  8:50  Supply Depot  
  163  9:02  Medivac x2  
  167  9:06  Command Center  
  167  9:13  Command Center  
  167  9:14  Siege Tank  
  170  9:17  Hellbat  
  170  9:18  Factory Tech Lab x2  
  170  9:20  Siege Tank, Hellbat  
  170  9:21  Supply Depot  
  177  9:39  Siege Tank  
  177  9:40  Hellbat x2  
  187  10:00  Siege Tank x2, Hellbat  
  187  10:01  Hellbat  
  194  10:08  Siege Tank  
  194  10:11  Hellbat  
  199  10:16  Missile Turret  
  191  10:22  Refinery, Missile Turret x3, Hellbat  
  191  10:23  Refinery  
  160  10:29  Hellbat  
  160  10:32  Hellbat  
Show
View Real Time Build Order
Export as new Build Order

Imalayan Zerg 

Build Orders: Hatch First, Lurkers 

Get SALT Encoding   

  12  0:01  Drone  
  13  0:12  Drone  
  14  0:17  Overlord  
  14  0:22  Extractor  
  14  0:23  Drone  
  15  0:35  Drone  
  16  0:36  Drone  
  17  0:54  Hatchery  
  16  0:57  Drone  
  17  1:14  Spawning Pool  
  17  1:15  Drone  
  17  1:19  Extractor  
  17  1:21  Drone  
  17  1:24  Drone  
  18  1:28  Drone  
  19  1:38  Overlord  
  19  2:00  Zergling x4  
  21  2:02  Queen  
  21  2:06  Zergling x2  
  24  2:08  Queen  
  24  2:11  Drone  
  27  2:16  Drone  
  27  2:18  Metabolic Boost  
  28  2:31  Drone x2  
  30  2:43  Queen  
  30  2:44  Drone x3  
  34  2:50  Drone  
  35  2:53  Overlord  
  35  3:05  Drone  
  36  3:06  Overlord  
  36  3:15  Drone x5  
  36  3:18  Drone  
  42  3:25  Roach Warren  
  41  3:34  Drone x5  
  41  3:37  Extractor x2  
  44  3:41  Lair  
  44  3:45  Drone  
  44  3:46  Drone x2  
  47  3:49  Drone  
  47  3:51  Drone  
  47  3:53  Drone  
  50  3:59  Drone x2  
  52  4:03  Overlord  
  52  4:05  Overlord  
  51  4:24  Spine Crawler  
  49  4:26  Roach x6  
  49  4:27  Roach  
  57  4:50  Drone x3  
  57  4:51  Drone x8  
  68  4:59  Glial Reconstitution  
  68  5:11  Evolution Chamber  
  68  5:13  Evolution Chamber, Extractor  
  65  5:14  Hydralisk Den, Overseer  
  65  5:21  Drone  
  65  5:32  Spore Crawler  
  56  5:46  Hydralisk x3  
  56  5:48  Zerg Missile Weapons Level 1  
  56  5:49  Overlord x4, Zerg Ground Armor Level 1  
  58  5:52  Overseer  
  58  6:01  Drone x2  
  60  6:08  Spore Crawler  
  60  6:10  Lurker Den  
  59  6:15  Drone x3  
  59  6:17  Drone x4  
  66  6:27  Drone  
  67  6:44  Hatchery  
  66  6:54  Roach x7  
  80  6:55  Drone  
  80  6:56  Drone x2  
  83  7:02  Overlord  
  83  7:05  Overlord x2  
  83  7:07  Overlord  
  83  7:22  Pneumatized Carapace  
  83  7:27  Drone x7  
  90  7:41  Drone x7  
  90  7:42  Drone x2  
  99  7:45  Muscular Augments  
  99  7:48  Drone  
  100  7:54  Zerg Missile Weapons Level 2  
  102  8:01  Extractor  
  102  8:02  Extractor  
  102  8:05  Zerg Ground Armor Level 2  
  100  8:18  Queen  
  100  8:23  Queen  
  102  8:27  Infestation Pit  
  102  8:31  Drone x5  
  106  8:39  Overlord x8  
  106  8:42  Overseer  
  106  8:50  Overlord x3  
  106  9:10  Spore Crawler, Roach x11  
  106  9:13  Lurker x3  
  106  9:16  Hydralisk  
  132  9:23  Hydralisk x3  
  138  9:29  Hive  
  138  9:41  Hydralisk x6  
  150  9:46  Drone  
  151  9:57  Hatchery  
  151  9:58  Lurker  
  151  9:59  Lurker, Hydralisk x3  
  152  10:02  Overlord  
  98  10:28  Hydralisk x4  
  98  10:29  Hydralisk x7  

Tags
 
Add a new tag
Caveats
  • Supply blocks, unpowered buildings, or Contaminate may cause inaccurate times.
  • Supply counts are checked every 10 seconds.